 Dungeon Crawl Stone Soup version 0.19-a0-277-g85cb9a5 (webtiles) character file.

37 epen the Gusty (level 3, -8/24 HPs)
             Began as a Demonspawn Air Elementalist on May 26, 2016.
             Mangled by a worm (9 damage)
             ... on level 2 of the Dungeon.
             The game lasted 00:04:07 (1693 turns).

epen the Gusty (Demonspawn Air Elementalist)        Turns: 1693, Time: 00:04:08

Health: -8/24      AC:  2    Str:  8    XL:     3   Next: 21%
Magic:  0/6        EV: 12    Int: 17    God:
Gold:   54         SH:  0    Dex: 13    Spells: 3 memorised, 0 levels left

rFire  . . .     SeeInvis .     d - -3 dagger (curse)
rCold  . . .     Gourm    .     a - +0 robe
rNeg   . . .     Faith    .     (no shield)
rPois  .         Spirit   .     (no helmet)
rElec  .         Dismiss  .     (no cloak)
rCorr  .         Reflect  .     (no gloves)
SustAt .         Harm     .     (no boots)
MR     .....                    (no amulet)
Stlth  ++........               (no ring)
                                (no ring)

@: not resistant to hostile enchantments, unstealthy
A: hooves 1
a: no special abilities


You were on level 2 of the Dungeon.
You were hungry.

You visited 1 branch of the dungeon, and saw 2 of its levels.

You collected 54 gold pieces.

Inventory:

Hand Weapons
 d - a cursed -3 dagger (weapon)
Armour
 a - a +0 robe (worn)
Scrolls
 f - 2 scrolls of teleportation {unknown}
 g - 2 scrolls of magic mapping {unknown}
 h - a scroll of identify {unknown}
Books
 b - a book of Air

   Spells                             Type                      Level
   a - Shock                          Conjuration/Air              1
   b - Swiftness                      Charms/Air                   2
   c - Repel Missiles                 Charms/Air                   2
   d - Static Discharge               Conjuration/Air              3
   e - Lightning Bolt                 Conjuration/Air              5
Comestibles
 c - a bread ration
 j - a meat ration


   Skills:
 + Level 2.0 Dodging
 - Level 1.7 Stealth
 + Level 2.1 Spellcasting
 * Level 1.9 Conjurations
 * Level 3.3 Air Magic


You couldn't memorise any spells.
You knew the following spells:

 Your Spells              Type           Power        Failure   Level  Hunger
a - Shock                 Conj/Air       ##..         10%         1    #......
b - Repel Missiles        Chrm/Air       #.....       17%         2    ###....
c - Static Discharge      Conj/Air       ##......     21%         3    ###....


Dungeon Overview and Level Annotations

Branches:
Dungeon (2/15)

Altars:


Innate Abilities, Weirdness & Mutations

You have large cloven feet.


Message History

The giant cockroach closely misses you. The worm bites you!
Ouch! That really hurt!
* * * LOW HITPOINT WARNING * * *
You closely miss the giant cockroach.
The giant cockroach is moderately wounded.
The giant cockroach bites you.
* * * LOW HITPOINT WARNING * * *
The giant cockroach closely misses you.
Casting: Static Discharge
Confirm with . or Enter, or press ? or * to list all spells.
You don't know that spell.
Casting: Static Discharge
Confirm with . or Enter, or press ? or * to list all spells.
Aiming: Shock
Press: ? - help, Shift-Dir - straight line, f - giant cockroach
Aim: a giant cockroach (moderately wounded, clinging)
The zap hits the giant cockroach.
The giant cockroach is heavily wounded.
The worm bites you!
You die...

#.# # .## #.#
#..####### ...
#.# #...s@wr.#
..## #.#
##.#####.# †..
#.# #.# ..# #.#
#.# ..# #.#
#.#####.####..#
#<#
#.......w.w...#
#.#
#######.####..#
#.# #.......#
..# #.#
#.#####.# ..#


You could see a worm, a giant cockroach and a rat.

Vanquished Creatures
  A dart slug (D:2)
  A giant cockroach (D:1)
  9 goblins (D:1)
  5 hobgoblins (D:1)
  A ball python (D:1)
  5 bats (D:1)
  A giant newt (D:1)
  5 kobolds (D:1)
  4 rats (D:1)
32 creatures vanquished.

Notes
Turn   | Place    | Note
--------------------------------------------------------------
     0 | D:1      | epen the Demonspawn Air Elementalist began the quest for the Orb.
     0 | D:1      | Reached XP level 1. HP: 13/13 MP: 3/3
   363 | D:1      | Gained mutation: You have large cloven feet. [demonic ancestry]
   363 | D:1      | Reached XP level 2. HP: 12/19 MP: 1/5
   622 | D:1      | Reached skill level 3 in Air Magic
   674 | D:1      | Learned a level 2 spell: Repel Missiles
  1337 | D:1      | Reached XP level 3. HP: 21/24 MP: 1/6
  1345 | D:1      | Learned a level 3 spell: Static Discharge
  1692 | D:2      | HP: 1/24 [giant cockroach (1)]
  1693 | D:2      | Mangled by a worm

Vault maps used:
D:1:      saegor_arrival_simple_d, minivault_5
D:2:      old_standard_altar, uniq_natasha

Skill      XL: |  1  2  3 |
---------------+----------+-----
Air Magic      | 3 |  3.3
Dodging        | 2 |  2.0
Stealth        | |  1.7
Spellcasting   | |  2.1
Conjurations   | |  1.9

Action                   || total
-------------------------++-------
Melee: Unarmed           ||    24
       Dagger            ||    51
       Kick              ||     9
 Cast: Shock             ||    54
       Repel Missiles    ||     1
       Static Discharge  ||     1
  Use: Scroll            ||     1
 Stab: Sleeping          ||     1
  Eat: Chunk             ||     3
Armor: Robe              ||    21
Dodge: Dodged            ||    71
       Deflected         ||     2
